 Dungeon Crawl Stone Soup version 0.29.1-1-gd02db6906a (webtiles) character file.

Game seed: 13368782123009806883

97 RascalDebosk the Magician (level 5, -4/38 HPs)
             Began as a Djinni Conjurer on Oct 13, 2022.
             Slain by a phantom (5 damage)
             ... on level 4 of the Dungeon on Oct 14, 2022.
             The game lasted 00:24:38 (2474 turns).

RascalDebosk the Magician (Djinni Conjurer)         Turns: 2474, Time: 00:24:38

Health: -4/38      AC:  6    Str:  6    XL:     5   Next: 0%
Gold:   48         EV: 11    Int: 21    God:
                   SH:  0    Dex: 12

rFire   + + .      SeeInvis .   s - +0 dagger (holy)
rCold   . . .      Faith    .   (no shield)
rNeg    . . .      Spirit   .   l - +3 leather armour {rC+}
rPois   ∞          Reflect  .   (no helmet)
rElec   .          Harm     .   (no cloak)
rCorr   .          Rampage  .   (no gloves)
Will    .....                   (boots unavailable)
Stlth   +.........              (no amulet)
HPRegen 0.12/turn               (no ring)
MPRegen 0.00/turn               (no ring)

@: flying
A: sickness immunity, fire resistance 2, cold vulnerability 1, float, innate
caster, HP casting, extra vitality 1
a: no special abilities


You were on level 4 of the Dungeon.
You visited 2 branches of the dungeon, and saw 5 of its levels.

You collected 100 gold pieces.
You spent 52 gold pieces at shops.

Inventory:

Hand Weapons
 s - a +0 dagger of holy wrath (weapon)
Armour
 a - a +0 robe
 l - a +3 leather armour of cold resistance (worn)
Wands
 o - a wand of roots (9)
Scrolls
 b - a scroll of poison {unknown}
 c - a scroll of torment {unknown}
 d - 3 scrolls of vulnerability {unknown}
 e - 2 scrolls of teleportation {unknown}
 f - 2 scrolls of enchant weapon {unknown}
 g - a scroll of amnesia {unknown}
 h - 2 scrolls of immolation {unknown}
 i - 5 scrolls of identify
 n - a scroll of magic mapping {unknown}
Potions
 j - a potion of attraction {unknown}
 k - a potion of cancellation {unknown}
 m - a potion of ambrosia {unknown}
 p - a potion of curing {unknown}


   Skills:
 + Level 1.8 Fighting
 + Level 0.6 Armour
 - Level 2.1 Dodging
 - Level 1.5 Stealth
 * Level 4.0 Spellcasting
 - Level 1.5 Evocations


You couldn't memorise any spells.
You knew the following spells:

 Your Spells              Type           Power      Damage    Failure   Level
a - Magic Dart            Conj           84%        1d7       3%          1
b - Searing Ray           Conj           42%        2d6       5%          2
c - Dazzling Flash        Conj/Hex       42%        N/A       11%         3
d - Fulminant Prism       Conj/Hex       10%        3d9       34%         4
e - Iskenderun's Mystic   Conj/Tloc      21%        2d6       34%         4
f - Necrotise             Necr           84%        1d8       3%          1
g - Call Imp              Summ           21%        N/A       5%          2
Your spell library was empty.

Dungeon Overview and Level Annotations

Branches:
Dungeon (4/15)             Temple (1/1) D:4

Altars:
Cheibriados
Fedhas
Gozag
Qazlal
Ru
Uskayaw
Wu Jian
Zin

Shops:
D:1 [?:([


Innate Abilities, Weirdness & Mutations

You are immune to sickness and miasma.
You are immune to poison.
Your flesh is very heat resistant. (rF++)
You are vulnerable to cold. (rC-)
You float through the air rather than walking.
You learn spells naturally, not from books.
Your magical power is your life essence.
You have superior vitality. (+4 MHP)


Message History

You hit the orc but do no damage. The orc closely misses you.
You barely miss the orc. The orc barely misses you.
You closely miss the orc. The orc hits you but does no damage.
You barely miss the orc. The orc closely misses you.
Sorry, you're not good enough to have a special ability.
Unknown command.
Casting: Iskenderun's Mystic Blast (extremely dangerous; 34% risk of failure)
Confirm with . or Enter, or press ? or * to list all spells.
The spell is extremely dangerous to miscast (34% risk of failure)!
Continue anyway?
You miscast Iskenderun's Mystic Blast.
You are very lightly contaminated with residual magic.
Nothing appears to happen.
* * * LOW HITPOINT WARNING * * *
The orc hits you with a +0 dagger.
* * * LOW HITPOINT WARNING * * *
The orc hits you but does no damage.
Casting: Iskenderun's Mystic Blast (extremely dangerous; 34% risk of failure)
Confirm with . or Enter, or press ? or * to list all spells.
The spell is extremely dangerous to miscast (34% risk of failure)!
Continue anyway?
You erupt in a blast of force!
The mystic blast hits the orc!
You kill the orc!
The mystic blast hits the orc.
The orc is severely wounded.
The orc is knocked back by the mystic blast.
The mystic blast hits the orc!
You kill the orc!
* * * LOW HITPOINT WARNING * * *
Aiming: Magic Dart (safe; 3% risk of failure)
Press: ? - help, Q - select action, (/) - cycle Shift-Dir - straight line, f - orc
Aim: an orc, wielding a +0 dagger and wearing a +0 scale mail (severely wounded, 100% to hit)
The magic dart hits the orc.
You kill the orc!
* * * LOW HITPOINT WARNING * * *
Aiming: Magic Dart (safe; 3% risk of failure)
Press: ? - help, Q - select action, (/) - cycle Shift-Dir - straight line, f - orc
Aim: an orc, wielding a +0 short sword (100% to hit)
The magic dart hits the orc.
The orc is severely wounded.
* * * LOW HITPOINT WARNING * * *
Aiming: Magic Dart (safe; 3% risk of failure)
Press: ? - help, Q - select action, (/) - cycle Shift-Dir - straight line, f/p - orc
Aim: an orc, wielding a +0 short sword (severely wounded, 100% to hit)
The magic dart hits the orc!
You kill the orc!
* * * LOW HITPOINT WARNING * * *
You start resting.
An orc comes into view. It is wielding a +0 short sword.
Aiming: Magic Dart (safe; 3% risk of failure)
Press: ? - help, Q - select action, (/) - cycle Shift-Dir - straight line, f - orc
Aim: an orc, wielding a +0 short sword and wearing a +0 ring mail (100% to hit)
The magic dart hits the orc.
The orc is lightly wounded.
* * * LOW HITPOINT WARNING * * *
Aiming: Magic Dart (safe; 3% risk of failure)
Press: ? - help, Q - select action, (/) - cycle Shift-Dir - straight line, f/p - orc
Aim: an orc, wielding a +0 short sword and wearing a +0 ring mail (lightly wounded, 100% to hit)
The magic dart hits the orc.
The orc is heavily wounded.
* * * LOW HITPOINT WARNING * * *
Your magical contamination has completely faded away.
Aiming: Magic Dart (safe; 3% risk of failure)
Press: ? - help, Q - select action, (/) - cycle Shift-Dir - straight line, f/p - orc
Aim: an orc, wielding a +0 short sword and wearing a +0 ring mail (heavily wounded, 100% to hit)
The magic dart hits the orc.
You kill the orc!
* * * LOW HITPOINT WARNING * * *
You have reached level 5!
The power to cast Call Imp wells up from within.
Spell assigned to 'g'.
You start resting.
A phantom comes into view.
Items here: )) [ ††.
Things that are here:
a +0 short sword; a +0 hand axe; an orc corpse You start resting.
A phantom is nearby!
Casting: Magic Dart (safe; 3% risk of failure)
Confirm with . or Enter, or press ? or * to list all spells.
Aiming: Searing Ray (safe; 5% risk of failure)
Press: ? - help, Shift-Dir - straight line, f - phantom
Aim: a phantom (69% to hit)
The searing ray hits the phantom!
The phantom is moderately damaged. (Press . to maintain the ray.)
* * * LOW HITPOINT WARNING * * *
The searing ray hits the phantom!
The phantom is heavily damaged.
* * * LOW HITPOINT WARNING * * *
The searing ray hits the phantom.
The phantom is severely damaged.
* * * LOW HITPOINT WARNING * * *
The phantom hits you.
* * * LOW HITPOINT WARNING * * *
Without enough magic to sustain it, your searing ray dissipates.
The phantom closely misses you. The phantom attacks as you move away!
The phantom barely misses you.
Things that are here:
a +0 flail; a +0 leather armour; an orc corpse The phantom attacks as you move away!
The phantom hits you.
You die...

#.##.~~~§~...... ####
#...~~~§§~§.... .......
.#.##§§§>~§~#####.......
.....~~§~~~~)...........
.....~~§§~.............
#.##..~~§...#.##....)..
# ##...##..#)# .......
#.###...###.#W##.......
#............@...#####
#.###....##.#)#).....#
#....##.#.#..###.#
####.##.#).........
.##.#.#........
.##.#.#......o.
.##.#.#........
....+........ #........


You could see a phantom.

Vanquished Creatures
  A gnoll (D:1)
  An adder (D:2)
  2 dart slugs (D:2)
  9 orcs (D:4)
  3 bats
  5 endoplasms
  5 giant cockroaches
  8 goblins
  4 hobgoblins
  2 jackals (D:2)
  3 kobolds
  4 quokkas
  5 ball pythons
  3 frilled lizards
  3 rats
58 creatures vanquished.

Vanquished Creatures (others)
  3 plants (D:1)
3 creatures vanquished.

Grand Total: 61 creatures vanquished

Notes
Turn   | Place    | Note
-------+----------+-------------------------------------------
     0 | D:1      | RascalDebosk the Djinni Conjurer began the quest for the
                  | Orb.
     0 | D:1      | RascalDebosk set off with the following spells memorised:
                  | Magic Dart, Searing Ray, Dazzling Flash, Fulminant Prism,
                  | Iskenderun's Mystic Blast.
     0 | D:1      | Reached XP level 1. HP: 15/15 MP: 0/0
    25 | D:1      | Found Adiumul's Book Emporium.
   109 | D:1      | Found Asuk's Weapon Emporium.
   182 | D:1      | Reached XP level 2. HP: 20/22 MP: 0/0
   263 | D:1      | Found Orauts's Armour Boutique.
   576 | D:1      | Reached skill level 1 in Fighting
   576 | D:1      | Reached skill level 1 in Evocations
   576 | D:1      | Reached XP level 3. HP: 18/27 MP: 0/0
   576 | D:1      | Learned a level 1 spell: Necrotise
  1010 | D:1      | Found Fuseok's Magic Scroll Boutique.
  1015 | D:1      | Bought a scroll of identify for 26 gold pieces
  1015 | D:1      | Bought a scroll of identify for 26 gold pieces
  1084 | D:1      | Found Fedghi's Armour Shoppe.
  1511 | D:2      | Reached XP level 4. HP: 28/32 MP: 0/0
  2298 | D:3      | You are sucked into a shaft and drop 1 floor!
  2298 | D:4      | Found a staircase to the Ecumenical Temple.
  2307 | Temple   | Entered the Ecumenical Temple
  2307 | Temple   | Found a transporter.
  2307 | Temple   | Found a transporter.
  2367 | Temple   | Found a transporter.
  2367 | Temple   | Found a transporter.
  2444 | D:4      | Reached skill level 4 in Spellcasting
  2462 | D:4      | Reached XP level 5. HP: 5/38 MP: 0/0
  2462 | D:4      | Learned a level 2 spell: Call Imp
  2465 | D:4      | Noticed a phantom
  2471 | D:4      | HP: 1/38 [phantom (1)]
  2474 | D:4      | Slain by a phantom

Illustrated notes

Levels and vault maps discovered:
D:1:      giann_horns, layout_loops_ring, serial_shops, shop, shop,
          nicolae_shop_waterfront, shop, nicolae_shop_crystal,
          nicolae_grassy_gnolls
D:2:      layout_basic
D:3:      layout_loops_cross, mainiacjoe_overflow_brackets,
          gup_sewer_entry_pipe, hellmonk_ecumenical_altar_dog_temple
D:4:      minmay_clustersquares, layout_basic, minmay_temple_entry_mist,
          uniq_eustachio
Temple:   hellmonk_temple_divided_pantheon

Skill      XL: |  1  2  3  4 |
---------------+-------------+-----
Fighting       | 1 |  1.8
Evocations     | 1 |  1.5
Spellcasting   | 4 |  4.0
Armour         | |  0.6
Dodging        | |  2.1
Stealth        | |  1.5

Action                   |  1- 3 |  4- 6 || total
-------------------------+-------+-------++-------
Melee: Dagger            |       |     9 ||     9
 Cast: Magic Dart        |    62 |    38 ||   100
       Iskenderun's Myst |       |     3 ||     3
       Searing Ray       |       |     2 ||     2
 Stab: Sleeping          |       |     1 ||     1
Armor: Robe              |     3 |       ||     3
       Leather armour    |       |     7 ||     7
Dodge: Dodged            |     6 |     8 ||    14
